 Dungeon Crawl Stone Soup version 0.27-a0-242-ge0fc76b88b (webtiles) character file.

Game seed: 515444534510975758

8914 Borgoz the Carver (level 11, -10/95 HPs)
             Began as a Ghoul Gladiator on Feb 3, 2021.
             Was an Elder of Dithmenos.
             Killed from afar by a wizard (44 damage)
             ... with a fireball
             ... on level 10 of the Dungeon.
             The game lasted 00:18:20 (11931 turns).

Borgoz the Carver (Ghoul Gladiator)                Turns: 11931, Time: 00:18:20

Health: -10/95     AC: 16    Str: 19    XL:     11   Next: 38%
Magic:  10/10      EV: 14    Int:  3    God:    Dithmenos [****..]
Gold:   366        SH:  0    Dex: 13    Spells: 10/10 levels left

rFire    . . .     SeeInvis .   a - +1 scimitar
rCold    + . .     Faith    .   (no shield)
rNeg     + + +     Spirit   .   A - +4 scale mail {Will+}
rPois    ∞         Reflect  .   c - +1 helmet
rElec    .         Harm     .   J - +0 cloak {rCorr}
rCorr    +         Rampage  .   (no gloves)
Will     ++...                  o - +0 pair of boots
Stlth    ..........             (no amulet)
HPRegen  0.00/turn              u - ring of willpower
MPRegen  0.12/turn              F - ring of resist corrosion

@: wreathed by umbra
A: claws 1, cold resistance 1, negative energy resistance 3, inhibited
regeneration, torment resistance, unbreathing
a: Renounce Religion, Shadow Step


You were on level 10 of the Dungeon.
You worshipped Dithmenos.
Dithmenos was greatly pleased with you.
You visited 2 branches of the dungeon, and saw 11 of its levels.
You also visited: Ossuary.

You collected 590 gold pieces.
You spent 224 gold pieces at shops.

Inventory:

Hand Weapons
 a - a +1 scimitar (weapon)
 b - the +8 dagger of the Hundredfold Quests {pain, rElec Str+4}
   (You found it on level 5 of the Dungeon)

   In the hands of one skilled in necromantic magic, it inflicts extra damage on
   living creatures.
   It affects your strength (+4).
   It insulates you from electricity.
Missiles
 t - 2 throwing nets (quivered)
Armour
 c - a +1 helmet (worn)
 o - a +0 pair of boots (worn)
 A - a +4 scale mail of willpower (worn)
 J - a +0 cloak of preservation (worn)
Jewellery
 k - an uncursed ring of fire
 u - a ring of willpower (left claw)
 F - a ring of resist corrosion (right claw)
Wands
 d - a wand of flame (34)
 D - a wand of mindburst (17)
Scrolls
 e - 2 scrolls of fear
 g - 6 scrolls of enchant armour
 h - 11 scrolls of teleportation
 j - a scroll of blinking
 p - 2 scrolls of enchant weapon
 r - 4 scrolls of remove curse
 s - 7 scrolls of magic mapping
 w - a scroll of identify
Potions
 i - a potion of magic
 l - a potion of haste
 m - a potion of invisibility
 q - 4 potions of cancellation
 v - a potion of ambrosia
 x - a potion of resistance
 B - 5 potions of flight
 C - a potion of brilliance
 K - 2 potions of might


   Skills:
 + Level 8.5 Fighting
 * Level 10.1 Long Blades
 - Level 1.7 Throwing
 * Level 7.3 Armour
 * Level 7.9 Dodging
 + Level 2.3 Evocations


You had 10 spell levels left.
You didn't know any spells.
Your spell library contained the following spells:

 Spells                   Type           Power        Failure   Level
 Apportation              Tloc           0%           85%         1
 Confusing Touch          Hex            0%           99%         3
 Gell's Gravitas          Tloc           0%           99%         3
 Lesser Beckoning         Tloc           0%           99%         3
 Tukima's Dance           Hex            0%           99%         3
 Petrify                  Tmut/Erth      0%           100%        4
 Alistair's Intoxication  Tmut/Pois      0%           100%        5
 Metabolic Englaciation   Hex/Ice        0%           100%        5
 Yara's Violent Unravell  Hex/Tmut       0%           100%        5
 Invisibility             Hex            0%           100%        6


Dungeon Overview and Level Annotations

Branches:
Dungeon (10/15)            Temple (1/1) D:4             Orc (0/2) D:9
Ossuary (visited)
   Lair: D:8-11

Altars:
Ashenzari
Cheibriados
Dithmenos
Elyvilon
Fedhas
Gozag
Hepliaklqana
Kikubaaqudgha
Makhleb
Nemelex Xobeh
Okawaru
Qazlal
Ru
Sif Muna
Trog
Uskayaw
Vehumet
Wu Jian
Xom
Yredelemnul
Zin
The Shining One

Shops:
D:4 }   D:8 [   D:9 [   D:10 :


Innate Abilities, Weirdness & Mutations

You thrive by killing the living.
You are immune to poison.
You have sharp fingernails.
Your flesh is cold resistant. (rC+)
You are immune to negative energy. (rN+++)
You do not regenerate when monsters are visible.
You are immune to unholy pain and torment.
You can survive without breathing.


Message History

Something hits you.
You completely miss the centaur skeleton.
The centaur skeleton is almost destroyed.
Your shadow hits the centaur skeleton but does no damage.
The centaur skeleton barely misses you.
You slash the centaur skeleton!
You destroy the centaur skeleton!
Dithmenos accepts your kill. Something barely misses you.
You barely miss something.
Your shadow hits something but does no damage.
Something completely misses you.
You miss something. Something hits you but does no damage.
You hit something. Something hits you but does no damage.
You barely miss something. You hit something.
You hear some strange, mumbled words.
A fireball appears from out of thin air!
The fireball explodes!
The fireball engulfs you!!!
You die...

....#.#.#..#.#.#..#
#
......#.##..#.#..##
# ....#.#.
#...#...# # #.
....#..# ##.#.#.##
.# #. ....# .
#..#..# ) # ..
....# . ##...##
)#[# .# #...# #...#
#}} # .#.#
##.####.# .. .#.#
#.#{@).# ..
##.##### . #..#
##.# #. .# #. .# #.


There were no monsters in sight!

Vanquished Creatures
  Harold (D:7)
  A hydra (D:8)
  The ghost of kae the Ruffian, a novice DrTm of Ru (D:7)
  Maggie (D:7)
  A kobold demonologist (D:10)
  A komodo dragon (D:10)
  A troll (D:10)
  Prince Ribbit (D:7)
  A centaur simulacrum (D:10)
  A shadow (D:10)
  10 yaks (D:9)
  Menkaure (D:7)
  A soldier ant (D:10)
  2 orc warriors
  An ice beast (D:4)
  5 sky beasts
  4 ogres
  3 centaurs
  A phantom (D:5)
  2 elf zombies (D:5)
  3 bullfrogs
  6 water moccasin zombies (Ossuary)
  An elf skeleton (D:5)
  8 killer bees (D:7)
  A wight (D:10)
  2 centaur zombies
  2 howler monkeys
  A bullfrog zombie (D:7)
  A hound (D:5)
  A human zombie (D:5)
  A jelly (D:8)
  7 orc priests
  2 bullfrog skeletons
  2 centaur skeletons
  7 orc wizards
  4 worker ants
  A killer bee zombie (D:9)
  5 big kobold zombies (Ossuary)
  2 mummies (Ossuary)
  8 adders
  19 gnolls
  A howler monkey skeleton (D:10)
  3 white imps
  An ufetubus (D:8)
  7 adder zombies
  An ooze (D:2)
  2 adder skeletons
  3 worms
  7 leopard geckos
  23 orcs
  A ball python (D:5)
  9 giant cockroaches
  A gnoll zombie (Ossuary)
  7 goblins
  10 hobgoblins
  13 jackals
  12 kobolds
  4 quokkas
  6 bats
  7 frilled lizards
  A giant cockroach zombie (D:6)
  4 hobgoblin zombies (Ossuary)
  A jackal skeleton (D:6)
  A jackal zombie (D:3)
  4 kobold zombies (Ossuary)
  A leopard gecko skeleton (D:4)
  2 leopard gecko zombies
  An orc skeleton (D:5)
  2 orc zombies
  5 rats
264 creatures vanquished.

Notes
Turn   | Place    | Note
-------+----------+-------------------------------------------
     0 | D:1      | Borgoz the Ghoul Gladiator began the quest for the Orb.
     0 | D:1      | Reached XP level 1. HP: 17/17 MP: 0/0
    64 | D:1      | Reached skill level 3 in Long Blades
    64 | D:1      | Reached XP level 2. HP: 18/25 MP: 1/1
   446 | D:1      | Reached XP level 3. HP: 28/30 MP: 2/2
  1315 | D:2      | Reached skill level 1 in Armour
  1335 | D:2      | Reached XP level 4. HP: 7/37 MP: 3/3
  2166 | D:3      | Noticed a bullfrog
  2176 | D:3      | Killed a bullfrog
  2177 | D:3      | Reached XP level 5. HP: 29/45 MP: 4/4
  2327 | D:3      | Reached skill level 4 in Long Blades
  2743 | D:3      | Reached XP level 6. HP: 24/51 MP: 5/5
  3181 | D:3      | Found a glowing golden altar of the Shining One.
  3227 | D:4      | Found Zuoh's Gadget Shop.
  3549 | D:4      | Found a staircase to the Ecumenical Temple.
  3582 | Temple   | Entered the Ecumenical Temple
  3826 | Temple   | Became a worshipper of Dithmenos the Shadowed
  4329 | D:5      | Entered Level 5 of the Dungeon
  4329 | D:5      | Noticed an ice beast
  4348 | D:4      | Killed an ice beast
  4349 | D:4      | Reached XP level 7. HP: 28/59 MP: 6/6
  4380 | D:5      | Got an ichor-stained dagger
  4386 | D:5      | Identified the +8 dagger of the Hundredfold Quests {pain,
                  | rElec Str+4} (You found it on level 5 of the Dungeon)
  4406 | D:5      | Reached skill level 5 in Long Blades
  4415 | D:5      | Found a sand-covered staircase.
  4592 | Ossuary  | Entered an ossuary
  4987 | Ossuary  | Reached XP level 8. HP: 63/67 MP: 7/7
  5071 | Ossuary  | Reached * piety under Dithmenos
  5086 | Ossuary  | Reached skill level 5 in Fighting
  5105 | Ossuary  | Reached skill level 6 in Long Blades
  5665 | D:5      | Reached skill level 5 in Dodging
  5983 | D:5      | Reached skill level 7 in Long Blades
  5983 | D:5      | Reached XP level 9. HP: 75/75 MP: 8/8
  6303 | D:6      | Reached ** piety under Dithmenos
  6880 | D:6      | Found a white marble altar of Elyvilon.
  7382 | D:7      | Noticed Prince Ribbit
  7397 | D:7      | Found an opulent altar of Gozag.
  7397 | D:7      | Noticed Maggie
  7404 | D:7      | Killed Prince Ribbit
  7445 | D:7      | Killed Maggie
  7446 | D:7      | Reached skill level 5 in Armour
  7693 | D:7      | Reached skill level 8 in Long Blades
  7793 | D:7      | Found a transporter.
  7840 | D:7      | Noticed kae's ghost (novice DrTm)
  7852 | D:7      | Reached *** piety under Dithmenos
  8094 | D:7      | Noticed Harold
  8139 | D:7      | Killed Harold
  8140 | D:7      | Reached XP level 10. HP: 28/86 MP: 9/9
  8468 | D:7      | Found a transporter.
  8778 | D:7      | Noticed Menkaure
  8788 | D:7      | Killed Menkaure
  8939 | D:7      | Killed kae's ghost
  8940 | D:7      | Reached skill level 9 in Long Blades
  9446 | D:8      | Found Maxab's Antique Armour Shop.
  9472 | D:8      | Bought an embroidered scarf for 224 gold pieces
  9760 | D:8      | Noticed an eight-headed hydra
  9772 | D:8      | Killed an eight-headed hydra
  9773 | D:8      | Reached skill level 1 in Evocations
 10075 | D:8      | Found a blossoming altar of Fedhas.
 10546 | D:9      | Reached XP level 11. HP: 53/94 MP: 10/10
 10955 | D:9      | Found a staircase to the Orcish Mines.
 11331 | D:9      | Found Ceikk's Armour Shop.
 11384 | D:10     | Entered Level 10 of the Dungeon
 11488 | D:10     | Found Zantom's Book Boutique.
 11513 | D:10     | Reached skill level 10 in Long Blades
 11868 | D:10     | Reached **** piety under Dithmenos
 11893 | D:10     | Noticed a sixfirhy
 11898 | D:10     | Noticed a wizard
 11931 | D:10     | Killed from afar by a wizard

Illustrated notes

Levels and vault maps discovered:
D:1:      roderic_crossed_star, layout_loops_ring
D:2:      layout_loops_ring, minmay_circled_x
D:3:      layout_basic, lemuel_coloured_pillars_altar
D:4:      layout_rooms, minmay_temple_entry_stoned_glass, serial_shops,
          nicolae_shop_trees, serial_bayou_pond_e, minmay_pentangle
D:5:      layout_gridville, nicolae_ossuary_entry_catacombs,
          minmay_fractal_squares_diagonal_5
D:6:      layout_rooms, elyvilon_altar_1
D:7:      layout_loops_ring, basic_altar, gammafunk_ghost_hive, st_stairs_12,
          uniq_maggie, uniq_harold, uniq_prince_ribbit1, uniq_menkaure
D:8:      layout_basic, serial_shops, nicolae_shop_crystal, fedhas_altar_2
D:9:      layout_cave_pools, orc_0_dummy, serial_shops, kennysheep_mini
D:10:     minmay_the_grid_triangle_9x9_recursive_2
          [minmay_the_grid_triangle_9x9_prize_center,
          minmay_the_grid_triangle_9x9_limited_checkers,
          minmay_the_grid_triangle_9x9_subtriangle,
          minmay_the_grid_triangle_9x9_thin_v], layout_basic, serial_shops,
          nicolae_shop_statue_plus, shop, uniq_josephine
Temple:   kilobyte_greek_temple

Skill      XL: |  1  2  3  4  5  6  7  8  9 10 11 |
---------------+----------------------------------+-----
Long Blades    | 3 4 5 7 8 9 10 | 10.1
Armour         | 1 2 3 4 5 6 7 |  7.3
Dodging        | 3 4 5 6 7 |  7.9
Fighting       | 3 4 5 7 8 |  8.5
Evocations     | 1 2 |  2.3
Throwing       | |  1.7

Action                   |  1- 3 |  4- 6 |  7- 9 | 10-12 || total
-------------------------+-------+-------+-------+-------++-------
Melee: Long sword        |    55 |       |       |       ||    55
       Dagger            |    41 |   242 |   587 |   155 ||  1025
       Scimitar          |       |       |       |   206 ||   206
Throw: Throwing net      |     2 |     3 |       |     1 ||     6
Evoke: Wand              |       |       |       |     3 ||     3
  Use: Scroll            |     2 |     1 |    13 |    10 ||    26
       Potion            |       |       |     9 |     4 ||    13
 Stab: Invisible         |       |       |     4 |     4 ||     8
       Held in net/web   |       |       |       |     1 ||     1
Armor: Leather armour    |    22 |    32 |       |       ||    54
       Ring mail         |       |    27 |   108 |       ||   135
       Steam dragon scal |       |       |    17 |       ||    17
       Scale mail        |       |       |       |   177 ||   177
Dodge: Dodged            |    68 |   139 |   339 |   275 ||   821
       Rpst.: Long sword |    11 |       |       |       ||    11
       Scimitar          |       |       |       |    47 ||    47

Table legend: (Time is in decaauts)
 A = Elapsed time spent in this place.
 B = Non-inter-level travel time spent in this place.
 C = Inter-level travel time spent in this place.
 D = Time resting spent in this place.
 E = Time spent auto-exploring this place.
 F = Levels seen in this place.
 G = Mean time per level.
                   A        B        C        D        E       F      G
               +--------+--------+--------+--------+--------+-----+--------+
         Total |  11724 |  11429 |    295 |   3228 |   6025 |  12 |  977.0 |
       Dungeon |  10809 |  10601 |    208 |   2836 |   5848 |  10 | 1080.9 |
        Temple |    276 |    189 |     87 |      0 |    164 |   1 |  276.0 |
       Ossuary |    638 |    638 |      0 |    392 |     13 |   1 |  638.0 |
               +--------+--------+--------+--------+--------+-----+--------+

Top non-repeatable levels by time:
     D:7: 1737 daAuts
     D:8: 1315 daAuts
     D:1: 1217 daAuts
     D:5: 1203 daAuts
     D:6: 1087 daAuts
     D:3: 1045 daAuts
     D:2: 951 daAuts
     D:9: 865 daAuts
     D:4: 849 daAuts
 Ossuary: 638 daAuts
    D:10: 536 daAuts
  Temple: 276 daAuts
